 Dungeon Crawl Stone Soup version 0.30-a0-377-g5cb311bc9f (webtiles) character file.

Game seed: 10454150239533391857

40 Spectrina the Sneak (level 3, -1/22 HPs)
             Began as a Deep Elf Monk on Nov 26, 2022.
             Slain by a kobold brigand
             ... wielding a +0 dagger
              (5 damage)
             ... in a sewer on Nov 30, 2022.
             The game lasted 00:07:46 (649 turns).

Spectrina the Sneak (Deep Elf Monk)                  Turns: 649, Time: 00:07:47

Health: -1/22      AC:  3    Str:  8    XL:     3   Next: 30%
Magic:  8/8        EV: 13    Int: 16    God:
Gold:   42         SH:  0    Dex: 17    Spells: 5/6 levels left

rFire   . . .      SeeInvis .    a - +0 short sword
rCold   . . .      Faith    .    (no shield)
rNeg    . . .      Spirit   .    b - +0 robe
rPois   .          Reflect  .    (no helmet)
rElec   .          Harm     .    j - +0 cloak
rCorr   .          Rampage  .    (no gloves)
Will    .....                    (no boots)
Stlth   +++.......               (no amulet)
HPRegen 0.23/turn                (no ring)
MPRegen 0.11/turn                (no ring)

@: no status effects
A: no striking features
a: no special abilities


You were in a sewer.
You visited 1 branch of the dungeon, and saw 3 of its levels.
You also visited: Sewer.

You collected 42 gold pieces.

Inventory:

Hand Weapons
 a - a +0 short sword (weapon)
Armour
 b - a +0 robe (worn)
 g - a scarf of invisibility
 j - a +0 cloak (worn)
Jewellery
 i - a ring of see invisible
Wands
 n - a wand of iceblast (9)
Scrolls
 d - a scroll of blinking {unknown}
 e - a scroll of immolation {unknown}
 f - a scroll of amnesia {unknown}
 m - a scroll of butterflies {unknown}
 o - a scroll of enchant weapon {unknown}
 p - a scroll of summoning {unknown}
Potions
 h - a potion of berserk rage {unknown}
 l - a potion of haste {unknown}


   Skills:
 - Level 2.4 Fighting
 - Level 3.0 Short Blades
 - Level 3.6 Dodging
 + Level 3.7 Stealth
 + Level 2.0 Spellcasting
 + Level 1.5 Conjurations


You had 5 spell levels left.
You knew the following spells:

 Your Spells              Type           Power      Damage    Failure   Level
a - Magic Dart            Conj           24%        1d4       11%         1

Your spell library contained the following spells:

 Spells                   Type           Power      Damage    Failure   Level
 Fireball                 Conj/Fire      2%         3d4       99%         5
 Starburst                Conj/Fire      2%         6d3       100%        6
 Spellforged Servitor     Conj/Summ      2%         N/A       100%        7


Dungeon Overview and Level Annotations

Branches:
Dungeon (3/15)              Sewer (1/1)

Altars:


Message History

* * * LOW HITPOINT WARNING * * *
You hit the kobold brigand.
The kobold brigand is heavily wounded.
The kobold brigand hits you with a +0 dagger.
* * * LOW HITPOINT WARNING * * *
It was a potion of heal wounds.
You feel much better. The kobold brigand barely misses you.
Your magical contamination has completely faded away.
You hit the kobold brigand.
You punch the kobold brigand, but do no damage.
The kobold brigand is heavily wounded.
The kobold brigand hits you but does no damage.
You hit the kobold brigand but do no damage.
The kobold brigand is heavily wounded.
The kobold brigand splashes around in the water.
You closely miss the kobold brigand.
The kobold brigand is heavily wounded.
You hit the kobold brigand.
The kobold brigand is severely wounded.
The kobold brigand hits you with a +0 dagger.
You hit the kobold brigand.
The kobold brigand is severely wounded.
The kobold brigand barely misses you.
You barely miss the kobold brigand.
The kobold brigand is severely wounded.
The kobold brigand hits you with a +0 dagger.
You barely miss the kobold brigand.
The kobold brigand is severely wounded.
The kobold brigand hits you with a +0 dagger.
You hit the kobold brigand.
The kobold brigand is almost dead.
The kobold brigand hits you with a +0 dagger.
* * * LOW HITPOINT WARNING * * *
You closely miss the kobold brigand.
The kobold brigand is almost dead.
Unknown command.
You closely miss the kobold brigand.
The kobold brigand is almost dead.
The kobold brigand hits you with a +0 dagger.
You die...

#~. #~~ #~~ ###
##~~ .~K~.#####
##...
#~~~..####~~~.
.K~~~###.~.~~.~.#
####### #.~~..~~~#
#@K~~~###~†..~~.##
#####~~~~~########
#.†~~~##### #.
####### #~ #~ #~
#. ##. #~~


You could see a kobold brigand.

Vanquished Creatures
  A worm (Sewer)
  A dart slug (D:1)
  4 ball pythons
  2 bats (D:3)
  3 endoplasms
  7 giant cockroaches
  A hobgoblin (D:1)
  3 quokkas (D:3)
  2 frilled lizards
  3 kobolds
  4 rats
31 creatures vanquished.

Notes
Turn   | Place    | Note
-------+----------+-------------------------------------------
     0 | D:1      | Spectrina the Deep Elf Monk began the quest for the Orb.
     0 | D:1      | Reached XP level 1. HP: 13/13 MP: 3/3
    47 | D:1      | Got Gaexel's Incunable of Conjuration
   130 | D:1      | Reached XP level 2. HP: 7/18 MP: 3/5
   148 | D:1      | Reached skill level 1 in Spellcasting
   335 | D:3      | Reached skill level 1 in Conjurations
   387 | D:3      | Found a glowing drain.
   420 | D:3      | Reached XP level 3. HP: 21/22 MP: 7/7
   422 | D:3      | Learned a level 1 spell: Magic Dart
   423 | Sewer    | Entered a sewer
   453 | Sewer    | Upgraded the game from 0.30-a0-374-g95c0257040 to
                  | 0.30-a0-377-g5cb311bc9f
   603 | Sewer    | Noticed a kobold brigand
   603 | Sewer    | Noticed a kobold brigand
   633 | Sewer    | HP: 1/22 [kobold brigand/+0 dagger (5)]
   649 | Sewer    | Slain by a kobold brigand

Illustrated notes

Levels and vault maps discovered:
D:1:      psy_arrival_basics, layout_basic, st_stairs_1
D:2:      layout_loops_ring
D:3:      layout_loops_ring, gup_sewer_entry_pipe, kennysheep_nondescript
Sewer:    sewer_co_tree

Skill      XL: |  1  2  3 |
---------------+----------+-----
Stealth        | 3 |  3.7
Spellcasting   | 1 2 |  2.0
Conjurations   | 1 |  1.5
Fighting       | |  2.4
Short Blades   | |  3.0
Dodging        | |  3.6

Action                   || total
-------------------------++-------
Melee: Short sword       ||   152
       Punch             ||     2
 Cast: Magic Dart        ||    17
  Use: Potion            ||     2
 Stab: Sleeping          ||     6
Armor: Robe              ||    20
Dodge: Dodged            ||    78

Table legend: (Time is in decaauts)
 A = Elapsed time spent in this place.
 B = Non-inter-level travel time spent in this place.
 C = Inter-level travel time spent in this place.
 D = Time resting spent in this place.
 E = Time spent auto-exploring this place.
 F = Levels seen in this place.
 G = Mean time per level.
                   A        B        C        D        E       F      G
               +--------+--------+--------+--------+--------+-----+--------+
         Total |    687 |    687 |      0 |      0 |      0 |   4 |  171.8 |
       Dungeon |    411 |    411 |      0 |      0 |      0 |   3 |  137.0 |
         Sewer |    275 |    275 |      0 |      0 |      0 |   1 |  275.0 |
               +--------+--------+--------+--------+--------+-----+--------+

Top non-repeatable levels by time:
   Sewer: 275 daAuts
     D:3: 239 daAuts
     D:1: 157 daAuts
     D:2: 14 daAuts
